 Dungeon Crawl Stone Soup version 0.30.0-29-ga12c61a403 (webtiles) character file.

Game seed: 1867134135669446884

558 seaoflcl the Covered (level 7, -13/61 HPs)
             Began as a Minotaur Fighter on June 14, 2023.
             Mangled by an ogre
             ... wielding a +0 giant spiked club
              (17 damage)
             ... on level 4 of the Dungeon.
             The game lasted 00:04:15 (2879 turns).

seaoflcl the Covered (Minotaur Fighter)             Turns: 2879, Time: 00:04:16

Health: -13/61     AC: 14    Str: 22    XL:     7   Next: 9%
Magic:  6/6        EV:  6    Int:  5    God:
Gold:   201        SH:  5    Dex: 10    Spells: 6/6 levels left

rFire   . . .        i - +1 hand axe (vamp)
rCold   . . .        c - +0 buckler
rNeg    . . .        t - +0 plate armour
rPois   .            (helmet restricted)
rElec   .            (no cloak)
rCorr   .            (no gloves)
SInv    .            s - +0 pair of boots
Will    .....        (no amulet) Stlth
                     (no ring)
HPRegen 0.30/turn    (no ring)
MPRegen 0.10/turn

%: no passive effects
@: no status effects
A: horns 2, retaliatory headbutt
a: no special abilities


You were on level 4 of the Dungeon.
You visited 1 branch of the dungeon, and saw 4 of its levels.

You collected 201 gold pieces.

Inventory:

Hand Weapons
 a - a +0 war axe
 i - a +1 vampiric hand axe (weapon)
 o - a +0 mace of protection
 p - a +0 scythe of flaming
Missiles
 w - 5 poisoned darts (quivered)
Armour
 c - a +0 buckler (worn)
 s - a +0 pair of boots (worn)
 t - a +0 plate armour (worn)
Wands
 n - a wand of light (3)
Scrolls
 e - 3 scrolls of teleportation {unknown}
 f - a scroll of fog {unknown}
 g - 2 scrolls of poison {unknown}
 j - 2 scrolls of blinking {unknown}
 k - 2 scrolls of vulnerability {unknown}
 l - 3 scrolls of identify {unknown}
 q - a scroll of noise {unknown}
 u - a scroll of amnesia {unknown}
Potions
 b - a potion of haste {unknown}
 d - a potion of might
 h - a potion of degeneration {unknown}
 m - a potion of mutation {unknown}
 r - a potion of invisibility {unknown}
 v - a potion of curing {unknown}


   Skills:
 + Level 5.1 Fighting
 * Level 5.5(5.7) Axes
 + Level 1.4(3.8) Polearms
 + Level 0.0 Throwing
 * Level 6.0 Armour
 + Level 5.0 Shields
 + Level 1.0 Evocations


You had 6 spell levels left.
You didn't know any spells.
Your spell library was empty.

Dungeon Overview and Level Annotations

Branches:
Dungeon (4/15)
 Temple: D:4-7

Altars:
Cheibriados
Okawaru


Innate Abilities, Weirdness & Mutations

You have a pair of horns on your head.
You reflexively headbutt those who attack you in melee.


Message History

No target in view!
No target in view!
No target in view!
No target in view!
No target in view!
No target in view!
No target in view!
No target in view!
You see here a +0 dagger.
Things that are here:
a +0 short sword; 5 poisoned darts
w - 5 poisoned darts An ogre comes into view.
It is wielding a +0 giant spiked club.
The ogre shouts!
An ogre is nearby!
An ogre is nearby!
The ogre hits you with a +0 giant spiked club!!
You hit the ogre.
You feel better.
The ogre is lightly wounded.
You slash the ogre!
You feel better.
The ogre is moderately wounded.
The ogre hits you with a +0 giant spiked club!
You barely miss the ogre.
The ogre is moderately wounded.
The ogre hits you with a +0 giant spiked club!
You hit the ogre but do no damage.
The ogre is moderately wounded.
You barely miss the ogre.
The ogre is moderately wounded.
The ogre hits you with a +0 giant spiked club!!
* * * LOW HITPOINT WARNING * * *
You are too injured to fight recklessly!
You are too injured to fight recklessly!
You are too injured to fight recklessly!
You are too injured to fight recklessly!
You are too injured to fight recklessly!
You barely miss the ogre.
The ogre is moderately wounded.
The ogre hits you with a +0 giant spiked club!
You die...

###.>.###..##
##..## ##..##
#..<# ##..##
##..## ##..##
### #...#
#...###..#
#..##
##..#...##
...#
#........#
..##
##.......#
..# #...@...#
..# #...O...#
#...
#.......#
#.....
#......##
#.....#
#......#
##.####
......## .$
.....###
###.##


You could see an ogre.

Vanquished Creatures
  Sigmund (D:3)
  A scorpion (D:4)
  An orc priest (D:3)
  A jelly (D:4)
  3 orc wizards
  Natasha (thrice) (D:2)
  Terence (D:3)
  2 adders
  A white imp (D:4)
  An ufetubus (D:4)
  2 worms
  A dart slug (D:1)
  10 orcs
  8 ball pythons
  5 endoplasms
  9 goblins
  9 hobgoblins
  7 quokkas
  3 bats (D:1)
  3 frilled lizards
  6 kobolds
  3 rats
81 creatures vanquished.

Notes
Turn   | Place    | Note
-------+----------+-------------------------------------------
     0 | D:1      | seaoflcl the Minotaur Fighter began the quest for the Orb.
     0 | D:1      | Reached XP level 1. HP: 19/19 MP: 0/0
   131 | D:1      | Reached XP level 2. HP: 27/27 MP: 1/1
   805 | D:2      | Reached skill level 4 in Armour
   805 | D:2      | Reached XP level 3. HP: 23/33 MP: 2/2
   978 | D:2      | Found a snail-covered altar of Cheibriados.
  1045 | D:2      | Noticed Natasha
  1049 | D:2      | Killed Natasha
  1050 | D:2      | Reached XP level 4. HP: 40/40 MP: 3/3
  1106 | D:2      | Found a faded altar of an unknown god.
  1242 | D:2      | Noticed Natasha
  1250 | D:2      | Killed Natasha
  1277 | D:2      | Noticed Natasha
  1283 | D:2      | Killed Natasha
  1427 | D:3      | Found an iron altar of Okawaru.
  1498 | D:3      | Reached XP level 5. HP: 44/47 MP: 4/4
  1579 | D:3      | Noticed Sigmund
  1595 | D:3      | Killed Sigmund
  1596 | D:3      | Reached skill level 5 in Axes
  1596 | D:3      | Reached skill level 5 in Armour
  1596 | D:3      | Reached XP level 6. HP: 41/55 MP: 5/5
  1791 | D:3      | Noticed Terence
  1798 | D:3      | Killed Terence
  2288 | D:4      | Reached skill level 1 in Polearms
  2584 | D:4      | Reached skill level 5 in Fighting
  2584 | D:4      | Reached skill level 5 in Shields
  2598 | D:4      | Reached skill level 6 in Armour
  2598 | D:4      | Reached skill level 1 in Evocations
  2598 | D:4      | Reached XP level 7. HP: 56/61 MP: 6/6
  2879 | D:4      | Mangled by an ogre

Illustrated notes

Levels and vault maps discovered:
D:1:      kennysheep_arrival_seaside, layout_loops_ring, amethyst_killhole,
          minmay_misc_feat_cross, grunt_decor_cap
D:2:      layout_rooms, shapermc_ecumenical_altar_hornbeckon, basic_altar,
          chequers_serial_rivers_micro_c, uniq_natasha
D:3:      minmay_diamond_boxcup, layout_basic, okawaru_gym_becter,
          reono_crystal_passage, uniq_sigmund, uniq_terence
D:4:      layout_cave_pods

Skill      XL: |  1  2  3  4  5  6 |
---------------+-------------------+-----
Axes           | 3 4 5 |  5.5
Shields        | 4 5 |  5.0
Armour         | 4 5 6 |  6.0
Fighting       | 4 5 |  5.1
Polearms       | 1 |  1.4
Evocations     | 1 |  1.0

Action                     |  1- 3 |  4- 6 |  7- 9 || total
---------------------------+-------+-------+-------++-------
  Melee: War axe           |    52 |       |       ||    52
         Headbutt          |     5 |    16 |       ||    21
         Hand axe          |    11 |   128 |    15 ||   154
 Armour: Scale mail        |    33 |       |       ||    33
         Chain mail        |     1 |    32 |       ||    33
         Plate armour      |       |    17 |     6 ||    23
  Dodge: Dodged            |    28 |    37 |     1 ||    66
  Block: Buckler           |    21 |    23 |       ||    44
